 Dungeon Crawl Stone Soup version 0.29-a0-297-g7659ce593d (webtiles) character file.

Game seed: 4178771806486127511

64 Inarius the Scratcher (level 3, 0/17 HPs)
             Began as a Felid Chaos Knight on Mar 21, 2022.
             Was a Plaything of Xom.
             Slain by an ufetubus (2 damage)
             ... in a sewer.
             The game lasted 00:04:54 (3656 turns).

Inarius the Scratcher (Felid Chaos Knight)          Turns: 3656, Time: 00:04:54

Health: 0/17       AC:  1    Str: 14    XL:     3   Next: 91%
Magic:  4/4        EV: 18    Int: 13    God:    Xom [..*...]
Gold:   145        SH:  0    Dex: 17    Spells: 2/2 levels left
                                        Lives:  0   Deaths: 1

rFire   . . .      SeeInvis +     - Unarmed
rCold   . . .      Faith    .   (shield unavailable)
rNeg    . . .      Spirit   .   (body armour unavailable)
rPois   .          Reflect  .   (helmet unavailable)
rElec   .          Harm     .   (cloak unavailable)
rCorr   +          Rampage  .   (gloves unavailable)
Will    .....                   (boots unavailable)
Stlth   +++.......              (no amulet)
HPRegen 0.05/turn               k - ring of resist corrosion
MPRegen 0.09/turn               i - +6 ring of strength

@: quick
A: very small, claws 1, fangs 3, see invisible, speed 1, shaggy fur 1, stealthy
paws, no weapons or thrown items, no armour, multi-lived, subdued magic 1
a: Renounce Religion


You were in a sewer.
You worshipped Xom.
You were a toy of Xom.
You visited 1 branch of the dungeon, and saw 3 of its levels.
You also visited: Sewer.

You collected 145 gold pieces.

Inventory:

Jewellery
 c - a ring of protection from cold
 i - a +6 ring of strength (right paw)
 k - a ring of resist corrosion (left paw)
Scrolls
 b - a scroll of teleportation
 h - a scroll of identify
 m - a scroll of noise {unknown}
Potions
 f - a potion of mutation
 g - a potion of lignification {unknown}
Miscellaneous
 a - a piece from Xom's chessboard (9/15) (quivered)


   Skills:
 + Level 3.4 Fighting
 + Level 3.7 Dodging
 * Level 3.6 Stealth
 + Level 4.0 Unarmed Combat
 * Level 1.5 Evocations


You had 2 spell levels left.
You didn't know any spells.
Your spell library contained the following spells:

 Spells                   Type           Power      Damage    Failure   Level
 Magic Dart               Conj           0%         1d3       26%         1
 Summon Small Mammal      Summ           0%         N/A       26%         1
 Call Imp                 Summ           0%         N/A       38%         2
 Call Canine Familiar     Summ           0%         N/A       63%         3
 Conjure Flame            Conj/Fire      0%         6-21      63%         3
 Gell's Gravitas          Tloc           0%         N/A       63%         3
 Ignite Poison            Fire/Tmut/Pois 0%         N/A       63%         3
 Mephitic Cloud           Conj/Pois/Air  0%         N/A       63%         3
 Stone Arrow              Conj/Erth      0%         3d7       63%         3
 Summon Guardian Golem    Hex/Summ       0%         N/A       63%         3
 Teleport Other           Tloc           0%         N/A       63%         3
 Sticky Flame             Conj/Fire      0%         2d3       96%         4
 Dispersal                Tloc           0%         N/A       100%        6
 Lehudib's Crystal Spear  Conj/Erth      0%         10d2      100%        8
 Animate Armour           Summ/Erth      Unusable   N/A       N/A         4

Dungeon Overview and Level Annotations

Branches:
Dungeon (3/15)              Sewer (1/1)

Altars:
Kikubaaqudgha

Annotations:
Sewer Grinder


Innate Abilities, Weirdness & Mutations

You have sharp claws.
You have razor-sharp teeth.
You have supernaturally acute eyesight. (SInv)
You cover ground quickly. (Speed+)
You are covered in fur. (AC +1)
Your paws help you pounce on unaware monsters.
You are incapable of wielding weapons or throwing items.
You cannot wear armour.
You gain extra lives every three experience levels.
Your spells are a little easier to cast, but a little less powerful.


Message History

Ouch! That really hurt!
A shadow imp comes into view.
The ufetubus shouts!
The shadow imp shouts!
Something shouts, "Take thy face hence, thou fobbing onion-eyed flax-wench!"
You hear a shout! x2
A shadow imp comes into view.
A kobold comes into view. It is wielding a +0 club.
A shadow imp comes into view.
A shadow imp comes into view.
The kobold shouts!
You closely miss the kobold. Your bite misses the kobold.
The kobold hits you with a +0 club.
* * * LOW HITPOINT WARNING * * *
You claw the kobold!
You kill the kobold!
You see here a +0 club.
You start resting.
A kobold opens the door.
It is wielding a +0 dagger.
The kobold shouts!
The kobold hits you with a +0 dagger.
* * * LOW HITPOINT WARNING * * *
There is an open door here.
You scratch the kobold.
The kobold is severely wounded.
You scratch the kobold.
You kill the kobold!
Xom guffaws.
The giant cockroach waves its antennae.
The shadow imp grinds its teeth.
Your hound barely misses the giant cockroach.
You see here a +0 club.
You scratch the giant cockroach.
You kill the giant cockroach!
You barely miss the ufetubus. The ufetubus hits you.
* * * LOW HITPOINT WARNING * * *
The ufetubus closely misses you.
Your hound closely misses the ufetubus.
You scratch the ufetubus.
The ufetubus is severely wounded.
The ufetubus hits you.
You die...
Xom yawns loudly!

#5B5#≈≈.............#.
K5.≈≈≈≈.......)......
#...#≈≈........†....#.
##.####.#≈###≈≈#≈####.
#≈≈5#...≈≈≈≈≈≈≈≈≈≈≈ #.
##+++###≈≈K#..≈≈≈≈≈≈≈≈≈≈≈≈≈#.
#≈...≈##≈≈.#.≈≈≈≈≈≈≈≈≈≈≈≈≈≈#.
#≈...≈##≈5.#..≈≈≈≈≈≈≈≈≈≈≈≈≈#.
#≈...≈##≈≈.#@≈≈≈≈≈≈≈≈≈≈≈≈≈≈#.
#≈)†.≈##≈≈K5h≈≈≈≈≈≈≈≈≈≈≈≈≈≈#.
#≈)5K≈###≈##################.
#≈...≈##≈ ≈≈≈≈≈≈≈#. ##$[!###
≈≈≈≈≈≈≈≈. ##!## ≈≈≈≈≈≈≈#. #∩#
######### ###


You could see an ufetubus (ally target), a kobold and a friendly hound
(summoned).

Vanquished Creatures
  4 adders (D:2)
  2 shadow imps (Sewer)
  2 adder zombies (Sewer)
  2 dart slugs (D:2)
  7 ball pythons
  6 endoplasms
  7 giant cockroaches
  3 goblins (D:1)
  3 hobgoblins
  4 quokkas
  3 bats
  3 frilled lizards (D:2)
  12 kobolds
  7 rats
65 creatures vanquished.

Vanquished Creatures (others)
  2 endoplasms (Sewer)
  A kobold (Sewer)
  A kobold zombie (Sewer)
4 creatures vanquished.

Grand Total: 69 creatures vanquished

Notes
Turn   | Place    | Note
-------+----------+-------------------------------------------
     0 | D:1      | Inarius the Felid Chaos Knight began the quest for the Orb.
     0 | D:1      | Reached XP level 1. HP: 10/10 MP: 2/2
    58 | D:1      | Found a faded altar of an unknown god.
    61 | D:1      | XOM: butterfly on damage
   219 | D:1      | XOM: silly message
   624 | D:1      | Reached XP level 2. HP: 14/14 MP: 3/3
   691 | D:1      | XOM: scenery: 1 doors open
   764 | D:1      | XOM: god gift: 46 gold pieces
   795 | D:1      | XOM: cast spell 'Olgreb's Toxic Radiance'
   797 | D:1      | Reached skill level 1 in Stealth
   915 | D:1      | XOM: silly message
  1094 | D:1      | XOM is BORED!
  1094 | D:1      | XOM: noise
  1125 | D:1      | XOM: silly message
  1144 | D:1      | XOM: silly message
  1546 | D:1      | XOM: silly message
  1660 | D:1      | Found an ancient bone altar of Kikubaaqudgha.
  1730 | D:2      | XOM: silly message
  1733 | D:2      | Reached XP level 3. HP: 15/17 MP: 4/4
  1740 | D:2      | Reached skill level 1 in Evocations
  1922 | D:2      | XOM: silly message
  2167 | D:2      | XOM: god gift: silver ring {god gift}
  2311 | D:2      | Reached XP level 4. HP: 18/21 MP: 5/5
  2686 | D:2      | XOM: god gift: scroll labelled TUHANO XINYZXE {god gift}
  2716 | D:2      | XOM: god gift: book of Minor Magic
  3041 | D:3      | Found a glowing drain.
  3075 | Sewer    | Entered a sewer
  3148 | Sewer    | XOM: butterfly on damage
  3151 | Sewer    | Gained mutation: Your spells are a little easier to cast,
                  | but a little less powerful. [potion of mutation]
  3518 | Sewer    | Noticed Grinder
  3518 | Sewer    | XOM: 1-stop teleportation journey
  3522 | Sewer    | Reached skill level 4 in Unarmed Combat
  3524 | Sewer    | Paralysed by Grinder for 7 turns
  3529 | Sewer    | Killed from afar by Grinder
  3530 | Sewer    | Reached XP level 3. HP: 0/17 MP: 4/4
  3578 | Sewer    | Noticed a kobold brigand
  3651 | Sewer    | XOM: cast spell 'Call Canine Familiar'
  3656 | Sewer    | Slain by an ufetubus

Illustrated notes

Levels and vault maps discovered:
D:1:      dpeg_arrival_water_altar, layout_loops_corners,
          shapermc_ecumenical_altar_starsandcircs, minmay_pentomino_s2
D:2:      layout_loops_cross, minmay_ruptured
D:3:      layout_loops_ring, portal_sewer_entry_a, minmay_quantized
Sewer:    kennysheep_sewer_church

Skill      XL: |  1  2  3  4 |
---------------+-------------+-----
Stealth        | 1 2 3 |  3.6
Evocations     | 1 |  1.5
Unarmed Combat | 4 |  4.0
Fighting       | |  3.4
Dodging        | |  3.7

Action                   |  1- 3 |  4- 6 || total
-------------------------+-------+-------++-------
Melee: Unarmed           |    92 |    65 ||   157
       Bite              |     3 |     4 ||     7
       Punch             |     3 |     3 ||     6
Evoke: Piece from Xom's  |     8 |     2 ||    10
  Use: Scroll            |       |     4 ||     4
       Potion            |       |     3 ||     3
 Stab: Sleeping          |     4 |     8 ||    12
       Confused          |     2 |       ||     2
       Paralysed         |     2 |       ||     2
       Invisible         |       |     4 ||     4
Armor: Skin              |     3 |       ||     3
Dodge: Dodged            |    57 |    46 ||   103

Table legend: (Time is in decaauts)
 A = Elapsed time spent in this place.
 B = Non-inter-level travel time spent in this place.
 C = Inter-level travel time spent in this place.
 D = Time resting spent in this place.
 E = Time spent auto-exploring this place.
 F = Levels seen in this place.
 G = Mean time per level.
                   A        B        C        D        E       F      G
               +--------+--------+--------+--------+--------+-----+--------+
         Total |   3318 |   3209 |    109 |   1261 |   1444 |   4 |  829.5 |
       Dungeon |   2763 |   2654 |    109 |    851 |   1408 |   3 |  921.0 |
         Sewer |    555 |    555 |      0 |    409 |     35 |   1 |  555.0 |
               +--------+--------+--------+--------+--------+-----+--------+

Top non-repeatable levels by time:
     D:1: 1558 daAuts
     D:2: 1151 daAuts
   Sewer: 555 daAuts
     D:3: 53 daAuts
